 Dungeon Crawl Stone Soup version 0.31.0-1-g2c135a0 (webtiles) character file.

Game seed: 503627550211290714

86 bonegar the Sneak (level 4, -2/54 HPs)
             Began as a Naga Enchanter on Feb 14, 2024.
             Slain by Sigmund
             ... wielding a +0 scythe of protection
              (6 damage)
             ... on level 2 of the Dungeon.
             The game lasted 00:18:32 (1534 turns).

bonegar the Sneak (Naga Enchanter)                  Turns: 1534, Time: 00:18:33

Health: -2/54      AC: 22    Str: 11    XL:     4   Next: 50%
Magic:  2/7        EV:  1    Int: 15    God:
Gold:   103        SH:  0    Dex: 13    Spells: 3/7 levels left

rFire   + . .        g - +3 short sword
rCold   . . .        (no shield)
rNeg    . . .        b - melded +0 robe
rPois   +            (helmet currently unavailable)
rElec   .            (cloak currently unavailable)
rCorr   .            (gloves currently unavailable)
SInv    +            (no barding)
Will    .....        (no amulet)
Stlth   +            d - ring of protection from fire
HPRegen 0.29/turn    (no ring)
MPRegen 0.10/turn

%: no passive effects
@: confused, tree-form
A: stationary, stasis, torment immunity, boosted hp, AC +1, large, see
invisible, (deformed body), (poison resistance), (slowness 2), spit poison 1,
(naga tail 1)
a: Spit Poison


You were on level 2 of the Dungeon.
You were a tree.
You visited 1 branch of the dungeon, and saw 2 of its levels.

You collected 103 gold pieces.

Inventory:

Hand Weapons
 a - a +1 dagger
 g - a +3 short sword (weapon)
 k - a +1 long sword of freezing
Armour
 b - a +0 robe (melded)
 h - a +0 leather armour
Jewellery
 d - a ring of protection from fire (left branch)
Scrolls
 c - a scroll of revelation {unknown}
 j - a scroll of blinking {unknown}
 l - a scroll of immolation {unknown}


   Skills:
 + Level 0.2 Fighting
 + Level 1.3 Short Blades
 + Level 0.4 Throwing
 + Level 1.7 Dodging
 + Level 6.2 Stealth
 + Level 2.4 Spellcasting
 + Level 3.2 Hexes
 * Level 0.8 Translocations
 + Level 0.1 Ice Magic


You had 3 spell levels left.
You knew the following spells:

 Your Spells              Type           Power      Damage    Failure   Level
a - Ensorcelled Hibernat  Hex/Ice        12%        N/A       16%         2
b - Blink                 Tloc           8%         N/A       22%         2

Your spell library contained the following spells:

 Spells                   Type           Power      Damage    Failure   Level
 Confusing Touch          Hex            11%        N/A       17%         3
 Tukima's Dance           Hex            11%        N/A       17%         3
 Magic Dart               Conj           4%         1d3       22%         1
 Call Imp                 Summ           2%         N/A       32%         2
 Dazzling Flash           Conj/Hex       12%        N/A       32%         3


Dungeon Overview and Level Annotations

Branches:
Dungeon (2/15)

Altars:

Annotations:
D:2 Sigmund


Innate Abilities, Weirdness & Mutations

You are a tree.
Your roots penetrate the ground, keeping you stationary.
You cannot be teleported.
You are immune to unholy pain and torment.
Your maximum health is greatly increased.
Your equipment is partially melded.
((Your serpentine skin is tough. (AC +1)))
You have supernaturally acute eyesight. (SInv)
((Armour fits poorly on your strangely shaped body.))
((Your system is resistant to poisons. (rPois)))
((You cover ground very slowly.))
You can spit poison.
((You have a snake-like lower body.))


Message History

Sigmund is almost dead.
You closely miss Sigmund.
Sigmund is almost dead.
Sigmund casts a spell at you.
The magic dart hits you but does no damage.
You hit Sigmund.
Sigmund is almost dead.
Sigmund gestures at you while chanting.
You are confused.
You cannot move. (Use ctrl+direction or * direction to attack while stationary and confused.)
You cannot move. (Use ctrl+direction or * direction to attack while stationary and confused.)
You cannot move. (Use ctrl+direction or * direction to attack while stationary and confused.)
You cannot move. (Use ctrl+direction or * direction to attack while stationary and confused.)
You cannot move. (Use ctrl+direction or * direction to attack while stationary and confused.)
You cannot move. (Use ctrl+direction or * direction to attack while stationary and confused.) Sigmund hits you but does no damage.
You cannot move. (Use ctrl+direction or * direction to attack while stationary and confused.) Sigmund gestures at you while chanting.
The puff of flame hits you but does no damage.
You cannot move. (Use ctrl+direction or * direction to attack while stationary and confused.)
You cannot move. (Use ctrl+direction or * direction to attack while stationary and confused.) Sigmund gestures at you while chanting.
The magic dart hits you.
* * * LOW HITPOINT WARNING * * *
You cannot move. (Use ctrl+direction or * direction to attack while stationary and confused.) Sigmund casts a spell at you.
You are more confused.
You cannot move. (Use ctrl+direction or * direction to attack while stationary and confused.) Sigmund casts a spell at you.
You resist with some effort.
You cannot move. (Use ctrl+direction or * direction to attack while stationary and confused.) Sigmund hits you but does no damage.
You cannot move. (Use ctrl+direction or * direction to attack while stationary and confused.)
You cannot move. (Use ctrl+direction or * direction to attack while stationary and confused.)
You cannot move. (Use ctrl+direction or * direction to attack while stationary and confused.)
You cannot move. (Use ctrl+direction or * direction to attack while stationary and confused.)
You cannot move. (Use ctrl+direction or * direction to attack while stationary and confused.) Sigmund hits you with a +0 scythe of protection.
You die...
Sigmund begins carving another notch in his scythe.

###############
###..............
#.....<.....#####
#######.#.#########
..............########
...##....<.<........
#.#####.##..#.##.#####.##
#(...$.@♣...#.##.# #.##
####)##.###.#.##.# #.##
#.. ..#.##.#####.##
#######.##....##.##
#.##.......##
#.##.#####.## ..
#.##.#....... #.
#....#.###... # #.
####.#.# #.##


You could see Sigmund.

Vanquished Creatures
  An adder (D:2)
  4 gnolls
  A dart slug (D:2)
  3 bats
  2 endoplasms
  2 giant cockroaches
  5 goblins
  5 hobgoblins
  5 kobolds
  3 quokkas (D:2)
  2 ball pythons
  A frilled lizard (D:2)
  2 rats
36 creatures vanquished.

Notes
Turn   | Place    | Note
-------+----------+-------------------------------------------
     0 | D:1      | bonegar the Naga Enchanter began the quest for the Orb.
     0 | D:1      | Reached XP level 1. HP: 15/15 MP: 3/3
   124 | D:1      | Reached skill level 5 in Stealth
   124 | D:1      | Reached XP level 2. HP: 10/22 MP: 5/5
   132 | D:1      | Learned a level 2 spell: Ensorcelled Hibernation
   500 | D:1      | Reached XP level 3. HP: 28/28 MP: 6/6
   941 | D:2      | Learned a level 2 spell: Blink
  1065 | D:2      | Reached skill level 6 in Stealth
  1065 | D:2      | Reached XP level 4. HP: 16/36 MP: 1/7
  1476 | D:2      | Noticed Sigmund
  1522 | D:2      | HP: 2/54 [Sigmund/magic dart (5)]
  1530 | D:2      | HP: 2/54 [Sigmund/magic dart (2)]
  1534 | D:2      | Slain by Sigmund

Illustrated notes

Levels and vault maps discovered:
D:1:      moated_graveyard_arrival, layout_loops_ring
D:2:      layout_loops_ring, uniq_sigmund

Skill      XL: |  1  2  3 |
---------------+----------+-----
Stealth        | 5 6 |  6.2
Fighting       | |  0.2
Short Blades   | |  1.3
Throwing       | |  0.4
Dodging        | |  1.7
Spellcasting   | |  2.4
Hexes          | |  3.2
Translocations | |  0.8
Ice Magic      | |  0.1

Action                     |  1- 3 |  4- 6 || total
---------------------------+-------+-------++-------
  Melee: Dagger            |    31 |       ||    31
         Short sword       |    28 |    56 ||    84
  Throw: Dart              |    12 |     2 ||    14
   Cast: Ensorcelled Hiber |     2 |     6 ||     8
         Blink             |     1 |       ||     1
Ability: Spit Poison       |     1 |     3 ||     4
    Use: Potion            |     2 |     3 ||     5
   Stab: Sleeping          |    10 |     4 ||    14
         Invisible         |     1 |       ||     1
 Armour: Robe              |    30 |    26 ||    56
         Skin              |       |    12 ||    12
  Dodge: Dodged            |    21 |    25 ||    46
